Map: Dreamcatcher LE

Players

HeRoMaRinE - Winner!

  • Race: Terran Terran
  • League: Master
  • Spawn Location: 11:00

DeMusliM

  • Race: Terran Terran
  • League: Master
  • Spawn Location: 5:00

Event: HomeStory Cup XVII

VOD

Have the link to the VOD?

Description

Time

  • Played on: June 29, 2018, 10:12 a.m.
  • Length: 11:52

All games in this series

Show
View Real Time Build Order
Export as new Build Order

HeRoMaRinE Terran - Winner!

Build Orders: Cyclone Opening, Gas First Reaper Expand, Reaper Expand, Bio Tank 

Get SALT Encoding   

  12  0:00  SCV  
  13  0:12  SCV  
  14  0:17  Supply Depot  
  14  0:24  SCV  
  14  0:27  Refinery  
  15  0:38  SCV  
  16  0:44  Barracks  
  16  0:50  SCV  
  17  1:02  SCV  
  18  1:14  SCV  
  19  1:31  Orbital Command, Reaper  
  20  1:46  Command Center  
  20  1:57  Factory  
  20  2:00  SCV  
  21  2:05  Reaper  
  22  2:10  Refinery  
  22  2:16  Supply Depot  
  22  2:19  SCV  
  23  2:37  SCV  
  23  2:41  Cyclone, Marine  
  28  2:50  SCV  
  29  2:58  Starport  
  29  3:02  SCV  
  29  3:04  Orbital Command  
  30  3:08  Barracks Reactor  
  29  3:13  Widow Mine  
  29  3:14  SCV  
  32  3:27  SCV  
  33  3:30  SCV  
  34  3:35  Starport Tech Lab  
  34  3:39  SCV  
  35  3:42  SCV  
  35  3:44  Marine x2  
  35  3:45  Bunker  
  35  3:47  Factory Tech Lab  
  38  3:50  Supply Depot  
  38  3:53  SCV  
  38  3:54  SCV  
  40  3:57  Raven  
  40  4:02  Marine x2  
  43  4:05  SCV  
  43  4:07  SCV  
  46  4:17  SCV  
  46  4:19  SCV  
  46  4:22  Command Center  
  46  4:24  Siege Tank  
  51  4:29  Supply Depot, SCV  
  51  4:31  SCV  
  53  4:37  Refinery  
  53  4:38  Refinery  
  53  4:41  SCV  
  53  4:43  SCV  
  54  4:49  Barracks  
  54  4:50  Barracks  
  53  4:52  Starport Reactor  
  53  4:54  Stimpack, Marine  
  53  4:56  SCV  
  53  4:58  SCV  
  56  5:04  Supply Depot  
  56  5:08  SCV  
  56  5:10  SCV, Siege Tank  
  56  5:12  Marine  
  62  5:26  SCV x2  
  64  5:30  Engineering Bay, Marine  
  64  5:31  Engineering Bay  
  64  5:35  Orbital Command, Starport Reactor  
  65  5:38  SCV x2  
  67  5:44  Marine x4  
  67  5:48  Marine  
  72  5:50  SCV x2  
  72  5:51  Siege Tank  
  75  5:59  Terran Infantry Armor Level 1, Terran Infantry Weapons Level 1  
  75  6:02  SCV x2  
  75  6:03  Marine x2  
  75  6:04  Marine  
  79  6:08  Marine x2  
  82  6:14  SCV x2  
  84  6:21  Marine  
  84  6:24  Marine  
  84  6:25  Medivac x2  
  90  6:26  SCV x2  
  90  6:27  Orbital Command  
  91  6:33  Marine x2  
  93  6:44  Siege Tank, Supply Depot, Marine x2, SCV x2  
  93  6:45  Supply Depot  
  100  6:47  Marine  
  100  6:51  Marine  
  101  6:58  Barracks  
  101  6:59  Combat Shields, Barracks  
  101  7:06  Marine, SCV x3  
  105  7:10  Armory, Marine x2  
  105  7:11  Marine x2  
  109  7:18  SCV x3  
  109  7:19  Siege Tank  
  115  7:25  Supply Depot  
  115  7:27  Supply Depot  
  114  7:30  SCV x3  
  114  7:33  Marine x3  
  112  7:38  Refinery  
  112  7:39  Refinery  
  112  7:42  Factory, Medivac, SCV x3  
  117  7:46  Medivac  
  116  7:52  Barracks Reactor, Marine x3  
  116  7:53  Barracks Reactor, Marine x2  
  116  7:54  SCV  
  116  7:57  Siege Tank  
  116  7:58  SCV x2  
  127  8:06  SCV  
  127  8:10  Marine x3, SCV  
  127  8:11  Marine  
  133  8:18  Supply Depot  
  133  8:21  Marine  
  133  8:22  Medivac  
  133  8:23  Medivac  
  121  8:27  Marine  
  121  8:28  Marine x3  
  121  8:29  Marine, SCV x3  
  121  8:32  Marine x2  
  121  8:34  Factory Tech Lab, Siege Tank  
  122  8:38  Terran Infantry Armor Level 2, Terran Infantry Weapons Level 2  
  122  8:45  Marine x2  
  122  8:46  Marine  
  122  8:47  Terran Vehicle Weapons Level 1, Marine  
  126  8:50  Marine x4  
  126  8:53  Sensor Tower  
  126  8:55  Barracks Reactor  
  130  8:56  Supply Depot  
  130  8:57  Supply Depot, Siege Tank  
  133  9:03  Marine x2  
  133  9:04  Marine  
  133  9:06  Marine, Siege Tank  
  133  9:07  Marine  
  141  9:15  Command Center, Marine  
  141  9:17  Marine x2  
  141  9:21  Marine x3  
  146  9:24  Marine  
  146  9:25  Marine  
  146  9:30  Siege Tank  
  151  9:32  Marine x2  
  151  9:33  Marine  
  151  9:35  Marine x2  
  156  9:39  Marine  
  156  9:41  Marine  
  156  9:42  Marine x2  
  156  9:43  Marine  
  156  9:44  Siege Tank  
  156  9:45  Medivac x2  
  149  9:50  Marine x3  
  134  9:53  Marine x2  
  134  9:56  Marine  
  134  9:59  Marine  
  136  10:00  Marine x2  
  136  10:01  Marine  
  136  10:02  Siege Tank  
  142  10:08  Marine x3  
  142  10:09  Barracks  
  142  10:10  Barracks x2  
  142  10:11  Marine x2  
  147  10:14  Marine  
  147  10:16  Siege Tank  
  147  10:17  Marine x2  
  147  10:18  Marine  
  147  10:19  Marine  
  154  10:26  Marine x3  
  157  10:29  Marine x2  
  157  10:32  Marine  
  157  10:34  Siege Tank  
  157  10:35  Sensor Tower, Marine x2  
  164  10:36  Marine  
  164  10:37  Marine  
  167  10:44  Marine x3  
  167  10:47  Marine x2  
  167  10:49  Siege Tank  
  164  10:50  Marine  
  164  10:52  Marine  
  164  10:53  Marine x2  
  164  10:54  Marine  
  159  11:00  Planetary Fortress  
  159  11:01  Marine  
  159  11:02  Marine x2  
  162  11:04  Marine x2  
  162  11:05  Barracks Reactor x3  
  162  11:06  Siege Tank  
  162  11:08  Marine  
  162  11:10  Marine  
  172  11:11  Supply Depot  
  172  11:13  Supply Depot  
  172  11:22  Marine x3  
  172  11:24  Marine x4  
  172  11:29  Marine  
  172  11:31  Marine  
  172  11:32  Marine  
Show
View Real Time Build Order
Export as new Build Order

DeMusliM Terran 

Build Orders: Cyclone Opening, MMM Bio 

Get SALT Encoding   

  12  0:01  SCV  
  13  0:13  SCV  
  14  0:17  Supply Depot  
  14  0:25  SCV  
  14  0:28  Refinery  
  15  0:38  SCV  
  16  0:45  Barracks  
  16  0:51  SCV  
  16  0:55  Refinery  
  17  1:03  SCV  
  18  1:15  SCV  
  19  1:32  Factory  
  19  1:33  Orbital Command  
  19  1:35  Reaper  
  20  1:45  Supply Depot  
  20  1:59  SCV  
  21  2:07  Reaper  
  22  2:11  SCV  
  23  2:21  Command Center  
  23  2:24  SCV  
  24  2:30  Cyclone  
  24  2:36  SCV  
  28  2:40  Barracks Reactor  
  28  2:43  Supply Depot  
  28  2:48  SCV  
  29  3:00  SCV  
  30  3:13  SCV  
  30  3:19  Cyclone  
  37  3:20  Cyclone  
  37  3:25  SCV  
  38  3:33  Orbital Command  
  38  3:37  SCV  
  39  3:49  SCV  
  39  3:52  Cyclone x2  
  46  3:59  SCV  
  46  4:01  SCV  
  48  4:02  Command Center  
  48  4:03  Barracks Tech Lab  
  48  4:12  SCV  
  48  4:13  SCV  
  50  4:17  Supply Depot  
  50  4:24  Stimpack  
  50  4:27  SCV x2  
  50  4:29  Barracks  
  52  4:32  Factory Reactor, Marine  
  52  4:33  Barracks  
  53  4:39  SCV  
  54  4:49  SCV  
  54  4:51  SCV  
  56  4:53  Engineering Bay  
  56  4:54  Engineering Bay  
  56  5:01  SCV  
  56  5:04  Refinery, SCV  
  56  5:05  Refinery, Supply Depot  
  58  5:13  SCV  
  59  5:14  Marine  
  59  5:16  SCV  
  61  5:23  Terran Infantry Weapons Level 1  
  61  5:25  Starport, Marine x2, SCV  
  61  5:26  Orbital Command  
  61  5:27  Factory Reactor  
  64  5:29  Terran Infantry Armor Level 1  
  64  5:30  SCV  
  64  5:35  Marine  
  66  5:37  Marine x2, SCV  
  66  5:42  SCV  
  70  5:43  Orbital Command  
  70  5:44  Supply Depot  
  70  5:45  Marine  
  70  5:46  Marine  
  70  5:49  SCV  
  73  5:54  SCV  
  73  5:55  Marine  
  73  5:56  Marine  
  76  5:57  Marine  
  76  6:01  SCV  
  76  6:03  Marine  
  79  6:06  SCV  
  79  6:09  SCV  
  81  6:13  SCV  
  81  6:17  Barracks  
  81  6:18  Factory Tech Lab, Barracks, SCV  
  83  6:20  Medivac x2  
  83  6:21  Marine x2  
  83  6:24  SCV  
  90  6:25  SCV  
  90  6:29  Marine x2  
  90  6:30  Marine  
  93  6:34  Supply Depot  
  93  6:35  Armory, SCV  
  93  6:39  Marine  
  95  6:41  Siege Tank  
  95  6:44  SCV x2  
  100  6:48  Supply Depot  
  100  6:49  Marine  
  101  6:56  Marine x2, SCV  
  101  6:58  Combat Shields, Marine  
  101  7:00  Medivac x2  
  109  7:03  Supply Depot  
  109  7:04  Supply Depot  
  109  7:09  Marine x2  
  109  7:12  Marine  
  109  7:14  Siege Tank  
  115  7:18  Marine x2  
  115  7:19  Marine  
  118  7:23  SCV x2  
  118  7:24  SCV  
  118  7:26  Refinery x2  
  118  7:27  Barracks Reactor  
  114  7:32  Marine  
  114  7:34  Marine  
  114  7:35  SCV, Terran Infantry Weapons Level 2  
  114  7:36  Marine x2  
  107  7:39  Marine  
  107  7:40  Medivac  
  107  7:41  Medivac  
  107  7:42  Terran Vehicle Weapons Level 1  
  112  7:48  Barracks Reactor  
  112  7:50  Marine  
  109  7:52  Marine  
  109  7:54  Marine  
  109  7:56  Marine  
  109  7:57  Marine  
  113  7:59  SCV  
  113  8:03  Terran Infantry Armor Level 2  
  113  8:06  Marine x2  
  113  8:08  Marine  
  113  8:10  Marine  
  113  8:11  Marine  
  118  8:14  Marine x2, SCV  
  118  8:15  SCV x2  
  123  8:24  Marine x3  
  123  8:25  Marine x2  
  100  8:28  Marine  
  100  8:29  Marine  
  100  8:32  Marine x2  
  95  8:34  SCV x3  
  95  8:36  Siege Tank  
  101  8:42  Marine x4  
  101  8:43  Marine  
  101  8:46  Medivac  
  101  8:47  Medivac, Marine x2  
  112  8:50  Marine  
  112  8:52  Marine  
  114  9:00  Marine x4  
  118  9:03  Marine  
  118  9:05  Marine x2  
  118  9:07  SCV x2  
  118  9:08  Marine, Siege Tank  
  118  9:09  Sensor Tower  
  127  9:10  Marine  
  128  9:18  Marine x4  
  128  9:21  Marine  
  128  9:23  Marine x2  
  135  9:26  Marine  
  135  9:28  Marine  
  135  9:31  Medivac x2  
  141  9:36  Supply Depot  
  141  9:39  Supply Depot x2, Marine x5  
  141  9:40  Siege Tank  
  141  9:42  Marine x2  
  141  9:44  Marine  
  138  9:46  Marine  
  119  9:56  Marine x4  
  119  9:57  Marine  
  117  10:01  Marine x2  
  117  10:02  Medivac x2, Marine  
  117  10:05  Marine  
  125  10:13  Siege Tank  
  128  10:14  Marine x5  
  128  10:19  Marine x2  
  128  10:20  Marine  
  133  10:22  Marine  
  134  10:32  Marine x5  
  139  10:36  Marine x2  
  139  10:37  Marine  
  139  10:40  Marine  
  123  10:50  Marine x5  
  123  10:54  Marine x2, Siege Tank  
  123  10:55  Marine  
  118  10:58  Marine  
  117  11:05  Command Center  
  117  11:08  Marine x5  
  122  11:12  Marine x2  
  122  11:13  Marine  
  122  11:16  Marine  
  113  11:25  Marine x4  
  113  11:26  Marine  
  113  11:30  Marine x2  
  113  11:31  Marine  
  119  11:34  Marine  
Tags
 
Add a new tag
Caveats
  • Supply blocks, unpowered buildings, or Contaminate may cause inaccurate times.
  • Supply counts are checked every 10 seconds.